AoeStats
← ÑAÑO

Marketplace

506240770Analyzed
1v1 RM · 18d ago on Sep 12, 2026· 26m 29s· 2 players
Game mode
Random Map
Map size
Tiny (2 player)
Population
200
Speed
Normal
Resources
Standard
Victory
Conquest
Starting age
Dark Age
Ending age
Imperial Age
RankedLock teamsTeams togetherTeam positionsShared explorationLock speedFull tech treeHidden civsTurbo modeCheats
Victory
Defeat
🇨🇱 Persians · Chile
959
+34
🇺🇸 Tatars · United States
949
-16
Black_Phosphorus
10:57 Feudal Age
23:48 Castle Age
24:00 Forging
25:39 Husbandry
ÑAÑO
0:25 Loom
11:08 Feudal Age
20:37 Castle Age
21:54 Stone Mining
22:12 Double-Bit Axe
24:46 Stone Shaft Mining
Connection lost

Rejoining the realm…

Still unreachable

The connection could not be restored.

Session expired

The server has moved on; the page needs a fresh start.